 Dungeon Crawl Stone Soup version 0.24-a0-434-gd57e52fea8 (webtiles) character file.

Game seed: 233417101741952780

77 Nattfarinn the Digger (level 4, -3/24 HPs)
             Began as a Gargoyle Earth Elementalist on June 6, 2019.
             Killed by divine providence
             ... invoked by an orc priest
              (11 damage)
             ... on level 3 of the Dungeon on June 17, 2019.
             The game lasted 00:04:22 (2401 turns).

Nattfarinn the Digger (Gargoyle Earth Elementalist) Turns: 2401, Time: 00:04:22

Health: -3/24      AC:  5    Str: 11    XL:     4   Next: 33%
Magic:  6/7        EV: 12    Int: 17    God:
Gold:   125        SH:  0    Dex: 10    Spells: 6/7 levels left

rFire    . . .     SeeInvis .   a - +0 spear
rCold    . . .     Gourm    .   (no shield)
rNeg     + . .     Faith    .   c - +0 robe
rPois    ∞         Spirit   .   (no helmet)
rElec    +         Reflect  .   (no cloak)
rCorr    .         Harm     .   (no gloves)
MR       .....                  (no boots)
Stlth    ++........             (no amulet)
HPRegen  0.08/turn              h - ring of flight
MPRegen  0.10/turn              (no ring)

@: no status effects
A: negative energy resistance 1, electricity resistance, unbreathing,
petrification resistance, rot immunity, AC +3
a: Evoke Flight


You were on level 3 of the Dungeon.
You were not hungry.

You visited 1 branch of the dungeon, and saw 3 of its levels.

You collected 125 gold pieces.

Inventory:

Hand Weapons
 a - a +0 spear (weapon)
Missiles
 b - 60 stones (quivered)
Armour
 c - a +0 robe (worn)
Jewellery
 h - a ring of flight (left hand)
Scrolls
 e - 3 scrolls of fog {unknown}
 f - a scroll of teleportation {unknown}
 g - a scroll of noise {unknown}
 j - 2 scrolls of amnesia {unknown}
 n - a scroll of remove curse {unknown}
Potions
 i - a potion of curing {unknown}
 k - a potion of magic {unknown}
 m - a potion of brilliance {unknown}
Comestibles
 d - 5 rations
 l - 4 chunks of flesh


   Skills:
 - Level 1.5 Dodging
 - Level 2.1 Stealth
 + Level 2.0 Spellcasting
   Level 0.7 Transmutations
 * Level 6.0 Earth Magic


You had 6 spell levels left.
You knew the following spells:

 Your Spells              Type           Power        Failure   Level  Hunger
a - Sandblast             Erth           ###...       1%          1    #......

Your spell library contained the following spells:

 Spells                   Type           Power        Failure   Level  Hunger
 Passwall                 Tmut/Erth      ##......     8%          2    ###....
 Stone Arrow              Conj/Erth      ##....       17%         3    ###....
 Lee's Rapid Deconstruct  Erth           ###.......   41%         5    ######.
 Petrify                  Tmut/Erth      ##......     43%         4    #####..


Dungeon Overview and Level Annotations

Branches:
Dungeon (3/15)

Altars:


Innate Abilities, Weirdness & Mutations

You are resistant to torment.
Your stone body is resilient. (AC +3)
You are immune to poison.
You resist negative energy. (rN+)
You are resistant to electric shocks. (rElec)
You can survive without breathing.
You are immune to petrification.
You are immune to rotting.


Message History

You are too injured to fight recklessly!
You are too injured to fight recklessly!
You are too injured to fight recklessly!
You are too injured to fight recklessly!
You are too injured to fight recklessly!
You are too injured to fight recklessly!
You are too injured to fight recklessly!
You are too injured to fight recklessly!
Unknown command.
Casting: Sandblast (safe; 1% risk of failure)
Confirm with . or Enter, or press ? or * to list all spells.
Aiming: Sandblast (safe; 1% risk of failure)
Press: ? - help, Shift-Dir - straight line, f - orc
Aim: an orc, wielding a +0 falchion The blast of sand hits the orc!
You kill the orc!
b - 60 stones The orc priest invokes the aid of Beogh against you.
Beogh smites you!
You die...

#.........####.#.#.#
.....#..#..# #.#....
##...#..#..# #.###..
#####.....# #.##### ##
########..##.# #...... ..
..........##.####.# ##<
#.########..........###..
#.....####...............
#..oo)@.(###.###...##..
#...####.# #.##..#..###
##..# #.# #....###..#
#..# #.# ####..#...# #..#
#.# ##..[#.# #..# #.#
##.##.# .... ..# #..#..#
#..# ## #.##.### #..#
#.#8.8#.


You could see an orc priest and an orc.

Vanquished Creatures
  An adder (D:3)
  An ooze (D:1)
  A worm (D:2)
  4 dart slugs
  3 orcs (D:3)
  A ball python (D:1)
  2 giant cockroaches (D:2)
  9 goblins
  4 hobgoblins (D:1)
  4 kobolds
  A quokka (D:2)
  6 bats
  3 frilled lizards
  7 rats
47 creatures vanquished.

Notes
Turn   | Place    | Note
-------+----------+-------------------------------------------
     0 | D:1      | Nattfarinn the Gargoyle Earth Elementalist began the quest
                  | for the Orb.
     0 | D:1      | Reached XP level 1. HP: 10/10 MP: 3/3
     0 | D:1      | Upgraded the game from 0.24-a0-411-g4df2b1290f to
                  | 0.24-a0-434-gd57e52fea8
    77 | D:1      | Reached skill level 4 in Earth Magic
   163 | D:1      | Reached XP level 2. HP: 15/15 MP: 1/5
   840 | D:1      | Reached XP level 3. HP: 16/19 MP: 2/6
   940 | D:1      | Reached skill level 5 in Earth Magic
  1950 | D:2      | Reached XP level 4. HP: 21/24 MP: 4/7
  2363 | D:3      | Reached skill level 6 in Earth Magic
  2401 | D:3      | Killed from afar by an orc priest

Levels and vault maps discovered:
D:1:      eino_arrival_water_star, layout_loops_corners
D:2:      layout_basic
D:3:      layout_loops_ring, nicolae_overflow_hidden_temple, grunt_ministairs_7,
          small_statue_intersection

Skill      XL: |  1  2  3  4 |
---------------+-------------+-----
Earth Magic    | 4 5 6 |  6.0
Dodging        | |  1.5
Stealth        | |  2.1
Spellcasting   | |  2.0
Transmutations | |  0.7

Action                   |  1- 3 |  4- 6 || total
-------------------------+-------+-------++-------
Melee: Unarmed           |    49 |       ||    49
       Spear             |    80 |    29 ||   109
 Cast: Sandblast         |    19 |     2 ||    21
 Stab: Sleeping          |     1 |       ||     1
  Eat: Chunk             |     4 |     1 ||     5
Armor: Robe              |    48 |     5 ||    53
Dodge: Dodged            |    93 |    28 ||   121

Table legend:
 A = Non-vault XP
 B = Vault XP
 C = Vault XP percentage of total XP
 D = Non-vault monster count
 E = Vault monster count
 F = Vault count percentage of total count
                 A         B        C        D         E       F
            +---------+---------+-------+---------+---------+-------
      Total |     107 |       3 |   2.7 |      45 |       2 |   4.3
            +---------+---------+-------+---------+---------+-------
        D:1 |      46 |       0 |   0.0 |      22 |       0 |   0.0
        D:2 |      38 |       0 |   0.0 |      18 |       0 |   0.0
        D:3 |      23 |       3 |  11.5 |       5 |       2 |  28.6
            +---------+---------+-------+---------+---------+-------
